 Dungeon Crawl Stone Soup version 0.29.1-13-g9f3cf754e1 (webtiles) character file.

Game seed: 8661048652431083680

147 cheesebisquit the Chiller (level 5, -3/38 HPs)
             Began as a Ghoul Ice Elementalist on Jan 29, 2023.
             Slain by an ogre zombie (10 damage)
             ... in an ossuary.
             The game lasted 00:13:12 (3268 turns).

cheesebisquit the Chiller (Ghoul Ice Elementalist)  Turns: 3268, Time: 00:13:13

Health: -3/38      AC: 10    Str:  9 (12) XL:     5   Next: 29%
Magic:  4/9        EV: 11    Int: 10 (12) God:
Gold:   216        SH:  0    Dex:  7 (9)  Spells: 3/10 levels left

rFire   . . .      SeeInvis .   (no weapon)
rCold   + . .      Faith    .   (no shield)
rNeg    + + +      Spirit   .   a - +0 robe
rPois   ∞          Reflect  .   (no helmet)
rElec   .          Harm     .   (no cloak)
rCorr   .          Rampage  .   (no gloves)
Will    .....                   c - +1 pair of boots
Stlth   ++........              (no amulet)
HPRegen 0.00/turn               (no ring)
MPRegen 0.11/turn               (no ring)

@: ice-armoured, very slightly contaminated, inhibited regen
A: claws 1, cold resistance 1, negative energy resistance 3, inhibited
regeneration, torment resistance 2, devour on kill
a: no special abilities


You were in an ossuary.
You visited 1 branch of the dungeon, and saw 4 of its levels.
You also visited: Ossuary.

You collected 216 gold pieces.

Inventory:

Missiles
 h - 4 poisoned darts
 i - 5 atropa-tipped darts
 n - a boomerang of dispersal
 r - a boomerang
Armour
 a - a +0 robe (worn)
 c - a +1 pair of boots (worn)
Wands
 k - a wand of charming (8)
Scrolls
 b - a scroll of amnesia
 g - 5 scrolls of identify
 q - a scroll of enchant weapon


   Skills:
 - Level 1.7 Dodging
 - Level 2.1 Stealth
 + Level 3.3 Spellcasting
 + Level 5.8 Ice Magic


You had 3 spell levels left.
You knew the following spells:

 Your Spells              Type           Power      Damage    Failure   Level
a - Freeze                Ice            52%        1d7       2%          1
b - Frozen Ramparts       Ice            26%        1d4       8%          3
c - Ozocubu's Armour      Ice            13%        N/A       8%          3

Your spell library contained the following spells:

 Spells                   Type           Power      Damage    Failure   Level
 Magic Dart               Conj           4%         1d3       26%         1
 Blink                    Tloc           2%         N/A       38%         2
 Call Imp                 Summ           1%         N/A       38%         2
 Mephitic Cloud           Conj/Pois/Air  1%         N/A       63%         3
 Hailstorm                Conj/Ice       7%         3d4       63%         4
 Manifold Assault         Tloc           1%         N/A       100%        5
 Storm Form               Tmut/Air       Unusable   N/A       N/A         7

Dungeon Overview and Level Annotations

Branches:
Dungeon (4/15)            Ossuary (1/1)
 Temple: D:4-7

Altars:
Ru
Xom

Shops:
D:2 ((([


Innate Abilities, Weirdness & Mutations

You are immune to poison.
You have sharp fingernails.
Your flesh is cold resistant. (rC+)
You are immune to negative energy. (rN+++)
You do not regenerate when monsters are visible.
You are immune to unholy pain and torment.
You thrive by killing the living.


Message History

You throw a boomerang. The boomerang hits the ogre zombie.
The ogre zombie is severely damaged.
You throw a boomerang. The boomerang hits the ogre zombie.
The ogre zombie is severely damaged.
The ogre zombie hits you!
You are too injured to fight recklessly!
You scratch the ogre zombie but do no damage.
The ogre zombie is severely damaged.
You scratch the ogre zombie.
The ogre zombie is severely damaged.
The ogre zombie hits you!
* * * LOW HITPOINT WARNING * * *
Non-targeted cast: Ozocubu's Armour (8%)
Press: ? - help, Q - select action, (/) - cycle Dir - look around, f - activate A film of ice covers your body!
The ogre zombie hits you but does no damage.
Aiming: Freeze (safe; 2% risk of failure)
Press: ? - help, Q - select action, (/) - cycle Shift-Dir - straight line, f - ogre zombie
Aim: an ogre zombie (severely damaged)
You freeze the ogre zombie but do no damage.
The ogre zombie completely resists.
Aiming: Freeze (safe; 2% risk of failure)
Press: ? - help, Q - select action, (/) - cycle Shift-Dir - straight line, f/p - ogre zombie
Aim: an ogre zombie (severely damaged)
You miscast Freeze.
You are very lightly contaminated with residual magic.
Nothing appears to happen.
The ogre zombie hits you.
* * * LOW HITPOINT WARNING * * *
You scratch the ogre zombie.
The ogre zombie is almost destroyed.
You scratch the ogre zombie.
The ogre zombie is almost destroyed.
The ogre zombie hits you but does no damage.
You scratch the ogre zombie.
The ogre zombie is almost destroyed.
You scratch the ogre zombie but do no damage.
The ogre zombie is almost destroyed.
The ogre zombie hits you!
You die...

......## .
8.....#
.8#8....#
..8.....#
........####
#.......#..#
#....Z.'..#
#.....@'..#
##.....'..#
#######∩∩#
####


You could see an ogre zombie.

Vanquished Creatures
  8 adders
  3 adder zombies (Ossuary)
  A worm (D:2)
  3 dart slugs
  5 orcs
  4 ball pythons
  A bat (D:2)
  3 endoplasms
  2 giant cockroaches
  3 goblins
  A hobgoblin (D:3)
  4 jackals (D:4)
  3 kobolds
  3 quokkas
  6 frilled lizards
  A gnoll zombie (Ossuary)
  3 rats
54 creatures vanquished.

Notes
Turn   | Place    | Note
-------+----------+-------------------------------------------
     0 | D:1      | cheesebisquit the Ghoul Ice Elementalist began the quest
                  | for the Orb.
     0 | D:1      | Reached XP level 1. HP: 14/14 MP: 2/2
   523 | D:2      | Found Ymeth's Weapon Shoppe.
   538 | D:2      | Reached XP level 2. HP: 20/20 MP: 0/4
   699 | D:2      | Reached XP level 3. HP: 17/26 MP: 0/5
   819 | D:2      | Found Hyagraec's Antique Weapon Shop.
   856 | D:2      | Found Ogomus's Antique Armour Shop.
   878 | D:2      | Reached skill level 5 in Ice Magic
  1165 | D:2      | Learned a level 3 spell: Frozen Ramparts
  1169 | D:2      | Learned a level 3 spell: Ozocubu's Armour
  1316 | D:2      | Found a shimmering altar of Xom.
  1487 | D:2      | Reached XP level 4. HP: 33/33 MP: 5/7
  1556 | D:2      | Found Moz Hufuox's Weapon Shoppe.
  2061 | D:3      | Found a faded altar of an unknown god.
  2165 | D:3      | Found a sacrificial altar of Ru.
  2315 | D:3      | Reached XP level 5. HP: 35/38 MP: 2/8
  2554 | D:4      | Noticed a phantom
  3030 | D:4      | Found a sand-covered staircase.
  3034 | Ossuary  | Entered an ossuary
  3268 | Ossuary  | Slain by an ogre zombie

Illustrated notes

Levels and vault maps discovered:
D:1:      heliophobic_arrival_henge, layout_rooms
D:2:      layout_loops_cross, basic_altar, serial_shops,
          nicolae_shop_bloodbath_and_beyond, shop_coins,
          nicolae_shop_hallway_stairs, shop
D:3:      layout_rooms, minitemple, chequers_ecumenical_altar_simple_redux
D:4:      layout_loops_ring, lightli_ossuary_entry_decrepit_ruins, uniq_pikel,
          uniq_blork_the_orc
Ossuary:  ossuary_hellmonk_silent_tomb

Skill      XL: |  1  2  3  4 |
---------------+-------------+-----
Spellcasting   | 2 3 |  3.3
Ice Magic      | 5 |  5.8
Dodging        | |  1.7
Stealth        | |  2.1

Action                   |  1- 3 |  4- 6 || total
-------------------------+-------+-------++-------
Melee: Unarmed           |    35 |    87 ||   122
       Punch             |       |     2 ||     2
Throw: Boomerang         |       |    11 ||    11
 Cast: Freeze            |    29 |    66 ||    95
       Ozocubu's Armour  |       |     3 ||     3
       Frozen Ramparts   |       |     2 ||     2
  Use: Scroll            |       |    10 ||    10
       Potion            |       |     5 ||     5
 Stab: Sleeping          |     1 |       ||     1
Armor: Robe              |     9 |    76 ||    85
Dodge: Dodged            |    29 |   100 ||   129
